Map: Catalyst LE

Players

Starlex - Winner!

  • Race: Protoss Protoss
  • League: Gold
  • Spawn Location: 5:00

Dodo

  • Race: Zerg Zerg
  • League: Platinum
  • Spawn Location: 11:00

VOD

Have the link to the VOD?

Description

Time

  • Played on: Aug. 11, 2018, 10:29 a.m.
  • Length: 7:59
Show
View Real Time Build Order
Export as new Build Order

Starlex Protoss - Winner!

Build Orders: 1 Gate Expand, Oracle Opening, Zealot Archon 

Get SALT Encoding   

  12  0:01  Probe  
  13  0:13  Probe  
  14  0:21  Pylon  
  14  0:25  Probe  
  15  0:39  Probe  
  15  0:40  Gateway  
  16  0:52  Probe, Assimilator  
  17  1:04  Probe  
  18  1:16  Probe  
  19  1:25  Nexus  
  19  1:38  Cybernetics Core  
  19  1:40  Probe  
  19  1:45  Assimilator  
  20  1:52  Probe  
  21  1:59  Pylon  
  21  2:06  Probe  
  21  2:08  Adept  
  21  2:15  Probe  
  22  2:18  Warp Gate  
  25  2:29  Gateway  
  25  2:33  Probe  
  25  2:35  Probe  
  27  2:45  Stargate  
  27  2:48  Probe x2  
  29  2:59  Shield Battery  
  29  3:02  Adept  
  31  3:17  Probe  
  31  3:20  Probe  
  31  3:25  Probe  
  33  3:29  Stalker, Oracle  
  33  3:32  Probe  
  40  3:35  Probe  
  40  3:40  Robotics Facility  
  41  3:44  Probe  
  41  3:47  Probe  
  43  3:57  Probe  
  43  3:59  Probe  
  45  4:03  Twilight Council  
  45  4:09  Probe  
  46  4:22  Pylon  
  46  4:26  Pylon  
  46  4:29  Assimilator  
  46  4:30  Charge, Assimilator  
  46  4:40  Probe x2  
  48  4:48  Templar Archives  
  48  4:51  Gateway  
  48  4:52  Probe x2  
  50  4:53  Gateway  
  50  4:55  Gateway  
  50  4:57  Gateway  
  50  4:59  Warp Prism  
  52  5:04  Probe  
  53  5:10  Pylon  
  53  5:16  Probe  
  53  5:18  Probe  
  55  5:32  Gateway x2  
  55  6:04  Probe  
  55  6:05  Pylon  
  55  6:07  Pylon  
  55  6:08  Pylon  
  55  6:10  Pylon  
  56  6:21  High Templar  
  56  6:22  High Templar x4  
  66  6:26  High Templar  
  66  6:27  Archon  
  66  6:28  Archon  
  66  6:31  Archon  
  68  6:34  Zealot  
  68  6:35  Zealot  
  72  6:40  Pylon  
  72  6:55  Zealot  
  72  6:56  Zealot x6  
  86  7:02  Zealot  
  82  7:18  Zealot x7  
  82  7:19  Zealot  
  80  7:39  High Templar x5  
  80  7:40  Zealot x2  
  80  7:41  Zealot  
  80  7:43  Archon  
  80  7:44  Archon  
Show
View Real Time Build Order
Export as new Build Order

Dodo Zerg 

Build Orders: Hatch First 

Get SALT Encoding   

  12  0:02  Drone  
  13  0:13  Overlord  
  13  0:18  Drone  
  14  0:31  Drone x2  
  16  0:53  Drone  
  16  0:56  Hatchery  
  16  0:57  Extractor  
  15  1:11  Spawning Pool  
  14  1:22  Drone x3  
  17  1:42  Drone  
  17  1:44  Drone  
  19  1:54  Overlord  
  19  1:58  Queen  
  21  2:07  Zergling x2  
  22  2:10  Zergling x2  
  22  2:11  Queen  
  25  2:22  Drone x2  
  27  2:28  Metabolic Boost  
  27  2:42  Drone x2, Overlord  
  27  2:44  Drone  
  28  3:21  Zergling x6  
  28  3:24  Drone, Overlord x2  
  28  3:25  Drone x5  
  37  3:30  Extractor  
  36  3:41  Roach Warren  
  35  3:52  Zergling x6  
  35  3:55  Overlord x2  
  38  3:56  Drone x3  
  41  4:11  Hatchery  
  40  4:34  Roach x5  
  50  4:39  Drone x3  
  50  4:40  Lair  
  50  4:45  Evolution Chamber  
  52  4:49  Queen  
  54  5:07  Drone x3  
  54  5:08  Drone x3  
  54  5:09  Drone  
  54  5:11  Drone  
  54  5:13  Drone  
  63  5:22  Queen  
  63  5:24  Pneumatized Carapace  
  63  5:46  Drone x5  
  63  5:47  Drone  
  63  5:48  Drone  
  63  5:49  Drone x2  
  72  5:50  Overlord  
  72  5:51  Overlord  
  72  5:53  Roach x3  
  72  5:56  Glial Reconstitution  
  78  5:57  Zerg Missile Weapons Level 1  
  78  6:10  Roach x3  
  84  6:12  Drone x2  
  84  6:13  Drone x2, Overlord  
  84  6:15  Drone, Overlord  
  89  6:58  Roach x3  
  89  6:59  Roach x10  
  99  7:19  Roach x7  
  81  7:32  Roach x3  
  72  7:39  Roach x2  
Tags
 
Add a new tag
Caveats
  • Supply blocks, unpowered buildings, or Contaminate may cause inaccurate times.
  • Supply counts are checked every 10 seconds.